 Dungeon Crawl Stone Soup version 0.29.0-4-gdea44cf6ec (webtiles) character file.

Game seed: 14933084351293466790

14 PieDemon the Stinger (level 2, -2/22 HPs)
             Began as a Meteoran Venom Mage on Aug 27, 2022.
             Slain by an orc
             ... wielding a +0 hand axe
              (5 damage)
             ... on level 3 of the Dungeon.
             The game lasted 00:02:39 (226 turns).

PieDemon the Stinger (Meteoran Venom Mage)           Turns: 226, Time: 00:02:40

Health: -2/22      AC:  2    Str:  9    XL:     2   Next: 82%
Magic:  0/6        EV: 12    Int: 16    God:
Gold:   17         SH:  0    Dex: 14    Spells: 3/6 levels left

rFire   . . .      SeeInvis .   f - +0 dagger
rCold   . . .      Faith    .   (no shield)
rNeg    . . .      Spirit   .   a - +0 robe
rPois   .          Reflect  .   (no helmet)
rElec   .          Harm     .   (no cloak)
rCorr   .          Rampage  .   (no gloves)
Will    .....                   (no boots)
Stlth   +.........              e - amulet of regeneration
HPRegen 0.87/turn               (no ring)
MPRegen 0.10/turn               (no ring)

@: glowing
A: sense surroundings 1, otherworldly, glowing, explore regen
a: no special abilities


You were on level 3 of the Dungeon.
You visited 1 branch of the dungeon, and saw 3 of its levels.

You collected 17 gold pieces.

Inventory:

Hand Weapons
 f - a +0 dagger (weapon)
 h - a +0 spear
Armour
 a - a +0 robe (worn)
Jewellery
 e - an amulet of regeneration (around neck)
 j - a ring of ice
Scrolls
 d - a scroll of poison {unknown}
 g - a scroll of noise {unknown}
 l - a scroll of magic mapping {unknown}
Potions
 b - a potion of magic
 c - a potion of might {unknown}
 i - a potion of haste {unknown}
 k - 3 potions of curing {unknown}


   Skills:
 + Level 0.7 Fighting
 + Level 2.7 Dodging
 - Level 1.4 Stealth
 + Level 2.9 Spellcasting
 - Level 1.2 Transmutations
 * Level 4.0 Poison Magic


You had 3 spell levels left.
You knew the following spells:

 Your Spells              Type           Power      Damage    Failure   Level
a - Sting                 Tmut/Pois      40%        1d5       6%          1
b - Poisonous Vapours     Pois/Air       16%        N/A       12%         2

Your spell library contained the following spells:

 Spells                   Type           Power      Damage    Failure   Level
 Mephitic Cloud           Conj/Pois/Air  6%         N/A       32%         3
 Olgreb's Toxic Radiance  Pois           15%        N/A       34%         4


Dungeon Overview and Level Annotations

Branches:
Dungeon (3/15) Zot: 1574

Altars:


Innate Abilities, Weirdness & Mutations

You passively map a small area around you.
You are easily found by Zot.
You glow in the dark.
You regain HP and MP as you explore.


Message History

Press: ? - help, Shift-Dir - straight line, f - orc
Aim: an orc, wielding a +0 hand axe (71% to hit)
The sting hits the orc.
The orc is poisoned.
The orc is lightly wounded.
The orc hits you with a +0 war axe.
Unknown command.
Casting: Sting (safe; 6% risk of failure)
Confirm with . or Enter, or press ? or * to list all spells.
Aiming: Sting (safe; 6% risk of failure)
Press: ? - help, Shift-Dir - straight line, f/p - orc
Aim: an orc, wielding a +0 hand axe (71% to hit)
The sting hits the orc.
The orc looks even sicker.
The orc is heavily wounded.
You kill the orc!
Unknown command.
Casting: Sting (safe; 6% risk of failure)
Confirm with . or Enter, or press ? or * to list all spells.
Aiming: Sting (safe; 6% risk of failure)
Press: ? - help, Shift-Dir - straight line, f/p - orc
Aim: an orc, wielding a +0 hand axe (71% to hit)
The sting hits the orc.
The orc is poisoned.
The orc is moderately wounded.
The orc hits you with a +0 hand axe.
Unknown command.
You closely miss the orc.
The orc is moderately wounded.
The orc hits you with a +0 hand axe.
You hit the orc but do no damage.
The orc is moderately wounded.
The orc hits you with a +0 hand axe.
You aren't carrying any items that you can evoke.
You completely miss the orc.
The orc is moderately wounded.
The orc barely misses you.
You hit the orc.
The orc is heavily wounded.
The orc hits you with a +0 hand axe.
* * * LOW HITPOINT WARNING * * *
The orc attacks as you move away! The orc hits you with a +0 hand axe.
You die...

#.###....# #.........#
#.. ..#..# #.....#####
* #.###....# #.#.#..#
* ...,...#.# #.#.##.#
..# ##.#.####....#.##
* ##.#
##.#.#...........#
#$###.......#....#.#.#
*
#.............#.##.#.#
* #..##..@....###.# #
*##.#o##.# #.# ** * ,
#<#)##.# #.# ,
#.#.##.# .# ,* , ,
,,..#..#.# , * *
#####.#.# * , , ,,..,
, , , .., * * * *


You could see an orc (poisoned).

Vanquished Creatures
  4 orcs (D:3)
  A ball python (D:3)
  A bat (D:3)
  2 goblins
  A rat (D:3)
9 creatures vanquished.

Notes
Turn   | Place    | Note
-------+----------+-------------------------------------------
     0 | D:1      | PieDemon the Meteoran Venom Mage began the quest for the
                  | Orb.
     0 | D:1      | Reached XP level 1. HP: 14/14 MP: 5/5
   156 | D:3      | Reached XP level 2. HP: 22/22 MP: 4/6
   160 | D:3      | Learned a level 2 spell: Poisonous Vapours
   213 | D:3      | Reached skill level 4 in Poison Magic
   226 | D:3      | Slain by an orc

Illustrated notes

Levels and vault maps discovered:
D:1:      kennysheep_arrival_forest, layout_loops_corners, serial_shops,
          nicolae_diamond_shop
D:2:      layout_loops_ring, basic_altar,
          hellmonk_ecumenical_altar_leap_of_faith, grunt_decor_mini_mirrors
D:3:      layout_loops_ring

Skill      XL: |  1  2 |
---------------+-------+-----
Poison Magic   | 4 |  4.0
Fighting       | |  0.7
Dodging        | |  2.7
Stealth        | |  1.4
Spellcasting   | |  2.9
Transmutations | |  1.2

Action                   || total
-------------------------++-------
Melee: Dagger            ||     9
       Unarmed           ||     1
 Cast: Sting             ||    14
Dodge: Dodged            ||     5
